 Dungeon Crawl Stone Soup version 0.29-a0-923-g6e406bff71 (webtiles) character file.

Game seed: 9456340519755445973

35 Newt the Ruffian (level 3, -1/27 HPs)
             Began as a Demonspawn Gladiator on July 27, 2022.
             Slain by Natasha (5 damage)
             ... on level 2 of the Dungeon.
             The game lasted 00:01:58 (1131 turns).

Newt the Ruffian (Demonspawn Gladiator)             Turns: 1131, Time: 00:01:59

Health: -1/27      AC:  5    Str: 16    XL:     3   Next: 16%
Magic:  12/12      EV: 12    Int:  9    God:
Gold:   27         SH:  0    Dex: 14    Spells: 2/2 levels left

rFire   . . .      SeeInvis .     - Unarmed
rCold   . . .      Faith    .   (no shield)
rNeg    . . .      Spirit   .   a - +0 leather armour
rPois   .          Reflect  .   n - +1 helmet
rElec   .          Harm     .   (no cloak)
rCorr   .          Rampage  .   (no gloves)
Will    .....                   (no boots)
Stlth   +.........              (no amulet)
HPRegen 0.09/turn               m - ring of magical power
MPRegen 0.13/turn               (no ring)

@: mighty, brilliant, weak-willed
A: hooves 1
a: no special abilities


You were on level 2 of the Dungeon.
You visited 1 branch of the dungeon, and saw 2 of its levels.

You collected 27 gold pieces.

Inventory:

Armour
 a - a +0 leather armour (worn)
 b - a +0 helmet
 l - a +0 helmet
 n - a +1 helmet (worn)
Jewellery
 m - a ring of magical power (left hand)
Scrolls
 h - a scroll of enchant armour {unknown}
 i - a scroll of noise {unknown}
Potions
 f - a potion of might
 j - a potion of brilliance
 k - a potion of heal wounds {unknown}


   Skills:
 + Level 2.0 Fighting
 + Level 2.0 Throwing
 + Level 0.2 Armour
 + Level 3.0 Dodging
 + Level 3.4 Unarmed Combat


You had 2 spell levels left.
You didn't know any spells.
Your spell library was empty.

Dungeon Overview and Level Annotations

Branches:
Dungeon (2/15)

Altars:

Annotations:
D:2 Natasha


Innate Abilities, Weirdness & Mutations

You have large cloven feet.


Message History

You throw a throwing net.
The throwing net completely misses Natasha.
Throw: javelin
Press: ? - help, Q - select action Shift-Dir - straight line, f/p - Natasha
Aim: Natasha (53% to hit)
You throw a javelin. The javelin misses Natasha.
Natasha casts a spell.
As you read the scroll labelled LOMPYKH HOMYQ, it crumbles to dust.
Magic quickly surges around you.
It was a scroll of vulnerability.
Natasha casts a spell at you. You resist with significant effort.
The white imp gestures at you. The puff of frost misses you.
As you read the scroll labelled BAPRIRUARHA, it crumbles to dust.
It is a scroll of identify.
f - 2 potions of might Natasha casts a spell at you.
You resist with significant effort. The white imp gestures at you.
The puff of frost hits you!
You feel very mighty all of a sudden.
Natasha casts a spell.
You closely miss Natasha. You hit Natasha.
Natasha is moderately wounded.
Natasha closely misses you.
The shadow imp disappears for a moment.
The shadow imp hits you.
Unknown command.
You completely miss Natasha.
Natasha is moderately wounded.
Natasha claws you.
* * * LOW HITPOINT WARNING * * *
The shadow imp hits you.
* * * LOW HITPOINT WARNING * * *
Okay, then.
It was a potion of brilliance.
You feel clever all of a sudden. Natasha claws you.
You die...

#.....# #.....# ##
#.....# . .###
###.....#####.. .(
...####................(
.#.#....#.....#####....(
..............# .....
.###....#.....####......
...†...........5@h......
)##..######......5#.....
.##.## ##......# ...
##..# ##.....# . #.##
#.....# .. #.....# .##
#.....# . #......


You could see Natasha (weak-willed), a white imp (summoned, weak-willed) and a
shadow imp (summoned).

Vanquished Creatures
  A gnoll (D:1)
  2 bats (D:1)
  2 endoplasms
  A giant cockroach (D:1)
  3 goblins (D:1)
  2 hobgoblins (D:1)
  6 kobolds
  A quokka (D:2)
  2 ball pythons (D:1)
  2 frilled lizards (D:1)
  3 rats
25 creatures vanquished.

Notes
Turn   | Place    | Note
-------+----------+-------------------------------------------
     0 | D:1      | Newt the Demonspawn Gladiator began the quest for the Orb.
     0 | D:1      | Reached XP level 1. HP: 16/16 MP: 1/1
   142 | D:1      | Gained mutation: You have large cloven feet. [demonic
                  | ancestry]
   142 | D:1      | Reached XP level 2. HP: 22/22 MP: 2/2
   699 | D:1      | Reached XP level 3. HP: 14/27 MP: 3/3
  1120 | D:2      | Noticed Natasha
  1131 | D:2      | Slain by Natasha

Illustrated notes

Levels and vault maps discovered:
D:1:      roderic_crossed_star, layout_loops_ring, st_stairs_1
D:2:      layout_rooms, minmay_divided_ellipse, uniq_natasha

Skill      XL: |  1  2  3 |
---------------+----------+-----
Unarmed Combat | 3 |  3.4
Dodging        | 3 |  3.0
Throwing       | 2 |  2.0
Fighting       | |  2.0
Armour         | |  0.2

Action                   || total
-------------------------++-------
Melee: Unarmed           ||    69
       Punch             ||     2
       Kick              ||     8
Throw: Throwing net      ||     3
       Javelin           ||     1
  Use: Scroll            ||     2
       Potion            ||     2
 Stab: Sleeping          ||     2
Armor: Leather armour    ||    11
Dodge: Dodged            ||    38

Table legend: (Time is in decaauts)
 A = Elapsed time spent in this place.
 B = Non-inter-level travel time spent in this place.
 C = Inter-level travel time spent in this place.
 D = Time resting spent in this place.
 E = Time spent auto-exploring this place.
 F = Levels seen in this place.
 G = Mean time per level.
                   A        B        C        D        E       F      G
               +--------+--------+--------+--------+--------+-----+--------+
         Total |   1126 |   1099 |     27 |    138 |    779 |   2 |  563.0 |
       Dungeon |   1126 |   1099 |     27 |    138 |    779 |   2 |  563.0 |
               +--------+--------+--------+--------+--------+-----+--------+

Top non-repeatable levels by time:
     D:1: 927 daAuts
     D:2: 198 daAuts
